AoeStats
← Carple

MegaRandom

505164071Analyzed
4v4 RM · 25d ago on Sep 8, 2026· 44m 43s· 8 players
Game mode
Random Map
Map size
Large (8 player)
Population
200
Speed
Normal
Resources
Standard
Victory
Conquest
Starting age
Dark Age
Ending age
Imperial Age
RankedLock teamsTeams togetherTeam positionsShared explorationLock speedFull tech treeHidden civsTurbo modeCheats
Victory
Defeat
🇯🇵 Khmer · Japan
967
+10
🇺🇸 Franks · United States
956
+10
🇨🇳 Franks · China
948
+10
🇬🇧 Bulgarians · United Kingdom
732
+20
🇨🇦 Japanese · Canada
947
-18
🇨🇦 Italians · Canada
837
-13
🇸🇻 Spanish · El Salvador
776
-11
🇺🇸 Britons · United States
697
-8
legin9
10:20 Feudal Age
8:41 Loom
13:58 Double-Bit Axe
18:30 Castle Age
19:04 Gold Mining
22:16 Pikeman
26:36 Imperial Age
26:37 Squires
29:16 Town Watch
30:08 Wheelbarrow
33:56 Chemistry
35:13 Hand Cart
34:56 Arson
35:12 Scale Mail Armor
38:30 Stone Mining
38:42 Fletching
38:53 Padded Archer Armor
39:51 Ballistics
41:11 Thumb Ring
40:29 Elite Skirmisher
Carple
7:05 Loom
11:34 Feudal Age
12:03 Double-Bit Axe
17:20 Castle Age
15:15 Stone Mining
15:36 Horse Collar
16:08 Forging
15:59 Scale Mail Armor
15:50 Fletching
15:53 Fishing Lines
16:40 Gold Mining
19:27 Iron Casting
20:09 Squires
22:29 Arson
23:32 Gambesons
24:11 Pikeman
27:47 Bow Saw
35:06 Wheelbarrow
37:55 Imperial Age
35:36 Town Watch
36:22 Heavy Plow
39:34 Conscription
39:11 Capped Ram
39:39 Elite Samurai
42:15 Blast Furnace
41:31 Chain Mail Armor
Epicardo
1:38 Loom
11:49 Feudal Age
21:01 Castle Age
18:55 Horse Collar
19:07 Double-Bit Axe
19:56 Horse Collar
31:16 Heavy Plow
39:58 Imperial Age
39:57 Gold Mining
41:24 Bow Saw
MythicWizard478
6:49 Loom
11:08 Feudal Age
18:17 Castle Age
19:09 Wheelbarrow
20:08 Double-Bit Axe
20:06 Horse Collar
22:42 Scale Mail Armor
24:57 Squires
28:22 Heavy Plow
30:06 Bow Saw
36:36 Imperial Age
34:37 Crossbowman
34:42 Pikeman
35:31 Fletching
35:43 Padded Archer Armor
35:40 Gold Mining
37:01 Hand Cart
40:58 Forging
ISpillTheCoffee
0:46 Loom
11:15 Feudal Age
12:17 Town Watch
16:11 Gold Mining
16:59 Horse Collar
18:55 Wheelbarrow
24:55 Castle Age
24:55 Forging
24:51 Scale Barding Armor
24:38 Fletching
27:23 Hand Cart
27:11 Heavy Plow
27:49 Iron Casting
28:10 Double-Bit Axe
30:06 Chain Barding Armor
32:45 Stone Mining
33:31 Gold Shaft Mining
33:12 Bow Saw
36:39 Imperial Age
35:01 Stirrups
37:32 Stone Shaft Mining
37:42 Conscription
38:29 Blast Furnace
38:53 Plate Barding Armor
aegilello
2:46 Loom
12:03 Feudal Age
18:34 Castle Age
17:16 Scale Barding Armor
18:29 Wheelbarrow
22:50 Double-Bit Axe
31:41 Scale Mail Armor
32:06 Forging
36:17 Stone Mining
39:07 Iron Casting
39:11 Chain Mail Armor
40:39 Husbandry
42:49 Chain Barding Armor
43:13 Gold Mining
43:36 Squires
HD
3:02 Loom
12:11 Feudal Age
15:21 Castle Age
13:51 Double-Bit Axe
15:49 Fletching
21:43 Padded Archer Armor
22:54 Crossbowman
23:33 Bodkin Arrow
23:54 Leather Archer Armor
26:53 Wheelbarrow
29:52 Imperial Age
30:04 Ballistics
29:38 Horse Collar
30:09 Bow Saw
30:20 Scale Barding Armor
30:26 Forging
30:56 Bracer
32:59 Ring Archer Armor
34:06 Chain Barding Armor
34:14 Hand Cart
33:52 Gold Mining
33:54 Stone Mining
34:08 Heavy Plow
35:38 Plate Barding Armor
35:08 Murder Holes
35:25 Fortified Wall
35:26 Masonry
36:21 Iron Casting
36:36 Gold Shaft Mining
36:43 Stone Shaft Mining
36:32 Conscription
38:14 Blast Furnace
38:45 Architecture
39:16 Chemistry
40:14 Tusk Swords
40:46 Scale Mail Armor
43:31 Bloodlines
43:21 Husbandry
45:01 Chain Mail Armor
86969829
10:51 Feudal Age
18:01 Castle Age
16:22 Double-Bit Axe
18:10 Scale Barding Armor
18:16 Forging
24:49 Stone Mining
24:49 Gold Mining
25:54 Gold Mining
26:28 Bow Saw
27:23 Gold Shaft Mining
32:58 Imperial Age
30:20 Loom
31:35 Wheelbarrow
31:36 Husbandry
31:58 Chain Barding Armor
32:13 Iron Casting
33:05 Hand Cart
34:26 Iron Casting
33:15 Cavalier
35:44 Blast Furnace
36:15 Plate Barding Armor
35:41 Scale Mail Armor
35:41 Padded Archer Armor
35:31 Fletching
36:41 Paladin
42:17 Chain Mail Armor
42:17 Leather Archer Armor
41:58 Bodkin Arrow
Connection lost

Rejoining the realm…

Still unreachable

The connection could not be restored.

Session expired

The server has moved on; the page needs a fresh start.